 Dungeon Crawl Stone Soup version 0.26.1-11-gd32895ea62 (webtiles) character file.

Game seed: 12339626192696619216

67 Jerry the Skirmisher (level 4, 37/37 HPs)
             Began as a Demonspawn Fighter on July 1, 2021.
             Quit the game on level 3 of the Dungeon.
             The game lasted 00:03:21 (1755 turns).

Jerry the Skirmisher (Demonspawn Fighter)           Turns: 1755, Time: 00:03:22

Health: 37/37      AC:  5    Str: 17    XL:     4   Next: 0%
Magic:  4/4        EV: 11    Int:  9    God:
Gold:   83         SH:  0    Dex: 13    Spells: 3/3 levels left

rFire    . . .     SeeInvis .   a - +0 long sword
rCold    + . .     Faith    .   (no shield)
rNeg     . . .     Spirit   .   l - +0 leather armour (curse)
rPois    .         Reflect  .   (no helmet)
rElec    .         Harm     .   (no cloak)
rCorr    .         Rampage  .   f - +0 pair of gloves
Will     .....                  k - +0 pair of boots
Stlth    +.........             (no amulet)
HPRegen  0.12/turn              (no ring)
MPRegen  0.09/turn              (no ring)

@: no status effects
A: hooves 1, cold resistance 1
a: no special abilities


You were on level 3 of the Dungeon.
You visited 1 branch of the dungeon, and saw 3 of its levels.

You collected 83 gold pieces.

Inventory:

Hand Weapons
 a - a +0 long sword (weapon)
Armour
 b - a +0 scale mail
 c - a +0 kite shield
 f - a +0 pair of gloves (worn)
 k - a +0 pair of boots (worn)
 l - a cursed +0 leather armour (worn)
Jewellery
 r - a cursed ring of teleportation {unknown}
Scrolls
 g - 2 scrolls of magic mapping {unknown}
 i - a scroll of blinking {unknown}
 m - 2 scrolls of teleportation {unknown}
 p - a scroll of remove curse {unknown}
 s - a scroll of immolation {unknown}
 t - a scroll of enchant armour {unknown}
Potions
 d - 2 potions of might
 e - a potion of magic {unknown}
 h - 3 potions of curing {unknown}
 j - a potion of lignification {unknown}
 n - a potion of heal wounds {unknown}
 o - 2 potions of degeneration {unknown}
 q - a potion of resistance {unknown}


   Skills:
 + Level 3.7 Fighting
 + Level 2.6 Long Blades
 + Level 3.3 Armour
 - Level 2.6 Shields


You had 3 spell levels left.
You didn't know any spells.
Your spell library was empty.

Dungeon Overview and Level Annotations

Branches:
Dungeon (3/15)

Altars:


Innate Abilities, Weirdness & Mutations

You have large cloven feet.
Your flesh is cold resistant. (rC+)


Message History

No target in view!
You start resting.
HP restored.
Things that are here:
a +0 leather armour; a kobold corpse
Found 12 stones.
A goblin comes into view.
Found 12 stones.
A rat comes into view.
Found 9 gold pieces.
The goblin hits you but does no damage.
You hit the goblin.
You kill the goblin!
The rat bites you but does no damage.
You have reached level 4!
You feel agile.
You feel monstrous as your demonic heritage exerts itself.
Your demonic ancestry asserts itself...
Your feet thicken and deform.
Are you sure you want to abandon this character and quit the game? (Confirm with "yes".)

.# ##[.....## o#
#..###### <# #.##
.# #.# .# ##.# .#
#..# .#
#.########### .#
#.##.....(... ..
#######.##.@r......
##
...................
.#####..##.........
#(###......... #.
#......... #.
#......... #.
#......... ..
#....$.... .#
#######


You could see a rat.

Vanquished Creatures
  2 adders (D:2)
  3 dart slugs (D:1)
  3 leopard geckos
  4 giant cockroaches
  3 goblins
  8 hobgoblins
  2 quokkas
  A ball python (D:1)
  2 bats
  A frilled lizard (D:2)
  5 kobolds
  4 rats
38 creatures vanquished.

Notes
Turn   | Place    | Note
-------+----------+-------------------------------------------
     0 | D:1      | Jerry the Demonspawn Fighter began the quest for the Orb.
     0 | D:1      | Reached XP level 1. HP: 18/18 MP: 1/1
   285 | D:1      | Gained mutation: Your flesh is cold resistant. (rC+)
                  | [demonic ancestry]
   285 | D:1      | Reached XP level 2. HP: 24/24 MP: 2/2
   374 | D:1      | You fall into a shaft and drop 1 floor!
   919 | D:2      | Reached XP level 3. HP: 28/29 MP: 3/3
  1027 | D:2      | You fall into a shaft and drop 1 floor!
  1755 | D:3      | Gained mutation: You have large cloven feet. [demonic
                  | ancestry]
  1755 | D:3      | Reached XP level 4. HP: 37/37 MP: 4/4
  1755 | D:3      | Quit the game

Illustrated notes

Levels and vault maps discovered:
D:1:      dpeg_arrival_refuge, layout_basic
D:2:      layout_basic
D:3:      layout_rooms, gammafunk_temple_overflow_pools, bloody_makhleb

Skill      XL: |  1  2 |
---------------+-------+-----
Long Blades    | 2 |  2.6
Armour         | 3 |  3.3
Fighting       | |  3.7
Shields        | |  2.6

Action                   |  1- 3 |  4- 6 || total
-------------------------+-------+-------++-------
Melee: Long sword        |    90 |       ||    90
 Stab: Sleeping          |     1 |       ||     1
Armor: Scale mail        |    20 |       ||    20
       Leather armour    |    15 |       ||    15
Dodge: Dodged            |    65 |       ||    65
       Rpst.: Long sword |    25 |       ||    25
